AoeStats
← Element

Lombardia

509935799Analyzed
4v4 RM · 3d ago on Sep 28, 2026· 46m 40s· 8 players
Game mode
Random Map
Map size
Large (8 player)
Population
200
Speed
Normal
Resources
Standard
Victory
Conquest
Starting age
Dark Age
Ending age
Imperial Age
RankedLock teamsTeams togetherTeam positionsShared explorationLock speedFull tech treeHidden civsTurbo modeCheats
Victory
Defeat
🇲🇽 Byzantines · Mexico
1331
+16
🇬🇧 Khmer · United Kingdom
1309
+17
🇹🇷 Malay · Türkiye
1307
+17
🇲🇽 Khmer · Mexico
1303
+16
🇧🇪 Magyars · Belgium
1354
-19
🇦🇷 Berbers · Argentina
1319
-16
🇦🇷 Goths · Argentina
1318
-16
🇨🇭 Persians · Switzerland
1296
-15
twitch.tv/skof03
7:36 Loom
11:32 Feudal Age
14:38 Castle Age
14:49 Double-Bit Axe
16:05 Horse Collar
16:49 Bow Saw
17:32 Husbandry
21:23 Wheelbarrow
21:28 Forging
25:00 Hand Cart
24:42 Town Watch
27:04 Iron Casting
27:14 Bloodlines
28:18 Town Patrol
29:43 Scale Barding Armor
29:34 Fletching
32:02 Chain Barding Armor
32:20 Gold Mining
37:06 Imperial Age
36:31 Scale Mail Armor
36:09 Pikeman
37:28 Halberdier
39:30 Chain Mail Armor
41:28 Blast Furnace
41:18 Cavalier
45:31 Plate Barding Armor
44:52 Bodkin Arrow
Hidemypond
7:26 Loom
10:11 Feudal Age
17:24 Castle Age
15:54 Horse Collar
16:03 Double-Bit Axe
18:59 Bloodlines
18:50 Husbandry
24:09 Wheelbarrow
23:19 Town Watch
24:16 Heavy Plow
27:37 Bow Saw
32:05 Imperial Age
32:15 Ballistics
33:16 Conscription
34:13 Chemistry
33:43 Gold Mining
34:22 Double Crossbow
35:00 Heavy Scorpion
41:24 Caravan
41:58 Coinage
reckem3
10:22 Feudal Age
14:58 Castle Age
22:18 Double-Bit Axe
24:53 Wheelbarrow
24:54 Horse Collar
25:43 Bow Saw
26:48 Hand Cart
27:38 Town Watch
31:46 Imperial Age
29:30 Padded Archer Armor
29:42 Forging
29:10 Pikeman
30:09 Squires
30:07 Man-at-Arms
32:09 Iron Casting
32:00 Halberdier
32:24 Long Swordsman
33:55 Forced Levy
35:41 Two-Handed Swordsman
37:25 Conscription
39:12 Arson
40:28 Blast Furnace
40:56 Caravan
41:27 Coinage
42:53 Fletching
45:05 Gold Mining
45:54 Banking
46:00 Elite Karambit Warrior
HK | Jai Guru Deva
7:49 Loom
12:33 Feudal Age
16:26 Castle Age
15:04 Double-Bit Axe
15:04 Horse Collar
19:46 Wheelbarrow
19:45 Bow Saw
22:29 Heavy Plow
22:53 Gold Mining
25:11 Hand Cart
30:53 Imperial Age
28:53 Scale Mail Armor
29:04 Forging
29:35 Squires
29:20 Gambesons
29:22 Arson
29:53 Chain Mail Armor
31:10 Iron Casting
33:53 Plate Mail Armor
32:51 Elite Varangian Guard
33:54 Conscription
34:04 Logistica
40:23 Chemistry
40:06 Pikeman
42:17 Two-Man Saw
41:10 Gold Mining
42:43 Fletching
42:53 Padded Archer Armor
43:26 Elite Skirmisher
44:12 Thumb Ring
44:07 Bodkin Arrow
44:41 Ballistics
46:47 Bracer
47:02 Leather Archer Armor
Geronimo
8:36 Loom
10:57 Feudal Age
11:53 Double-Bit Axe
11:52 Horse Collar
13:16 Wheelbarrow
18:16 Castle Age
19:08 Heavy Plow
19:44 Scale Barding Armor
19:56 Bow Saw
22:22 Bloodlines
22:35 Husbandry
24:38 Scale Barding Armor
24:44 Forging
26:30 Chain Barding Armor
28:20 Gold Mining
34:02 Imperial Age
32:49 Gold Shaft Mining
32:04 Stone Mining
33:03 Iron Casting
34:18 Elite War Elephant
36:53 Plate Barding Armor
37:19 Blast Furnace
LanaAio
5:44 Loom
9:07 Feudal Age
11:43 Double-Bit Axe
14:35 Horse Collar
20:48 Castle Age
22:22 Bloodlines
22:12 Husbandry
22:22 Scale Barding Armor
25:20 Chain Barding Armor
28:08 Heavy Plow
30:17 Devotion
31:49 Wheelbarrow
33:09 Hand Cart
37:13 Imperial Age
34:44 Fletching
35:41 Bodkin Arrow
39:04 Bracer
39:46 Plate Barding Armor
40:10 Crop Rotation
40:06 Padded Archer Armor
40:35 Caravan
41:56 Elite Magyar Huszar
42:44 Corvinian Army
44:55 Leather Archer Armor
Element
0:57 Loom
12:17 Feudal Age
13:42 Double-Bit Axe
16:50 Castle Age
15:55 Horse Collar
22:55 Town Watch
25:27 Wheelbarrow
27:38 Hand Cart
28:29 Scale Mail Armor
28:39 Forging
29:20 Bow Saw
30:11 Town Patrol
31:17 Heavy Plow
31:31 Man-at-Arms
32:11 Squires
32:31 Chain Mail Armor
32:51 Iron Casting
32:09 Long Swordsman
32:50 Pikeman
36:05 Imperial Age
34:21 Fletching
35:04 Ballistics
34:41 Murder Holes
34:56 Masonry
35:40 Anarchy
36:08 Two-Handed Swordsman
36:09 Halberdier
37:11 Conscription
37:03 Perfusion
38:15 Blast Furnace
37:14 Bodkin Arrow
37:35 Champion
45:21 Bracer
Vinci_PL
8:29 Loom
11:11 Feudal Age
9:59 Loom
15:57 Castle Age
14:11 Double-Bit Axe
17:13 Bow Saw
18:23 Wheelbarrow
19:07 Horse Collar
20:14 Heavy Plow
21:39 Husbandry
23:20 Hand Cart
25:08 Town Watch
26:03 Bloodlines
29:10 Kasbah
29:06 Fletching
30:46 Bodkin Arrow
30:54 Padded Archer Armor
35:24 Imperial Age
34:03 Leather Archer Armor
33:54 Scale Barding Armor
35:46 Ballistics
36:02 Thumb Ring
37:13 Conscription
37:01 Bracer
38:11 Chemistry
37:45 Light Cavalry
37:53 Elite Camel Archer
38:58 Chain Barding Armor
39:35 Conscription
41:14 Forging
42:07 Maghrebi Camels
44:28 Plate Barding Armor
44:28 Iron Casting
44:30 Hussar
Connection lost

Rejoining the realm…

Still unreachable

The connection could not be restored.

Session expired

The server has moved on; the page needs a fresh start.